 Dungeon Crawl Stone Soup version 0.22-a0-750-ga7dcef7 (webtiles) character file.

2990 sking99 the Basher (level 9, -18/63 HPs)
             Began as a Demonspawn Fighter on July 15, 2018.
             Was an Initiate of Gozag.
             Killed by the air
             ... invoked by Gastronok
              (30 damage)
             ... on level 8 of the Dungeon.
             The game lasted 00:13:47 (7437 turns).

sking99 the Basher (Demonspawn Fighter)             Turns: 7437, Time: 00:13:47

Health: -18/63     AC: 25    Str: 19    XL:     9   Next: 53%
Magic:  0/9        EV: 16    Int:  9    God:    Gozag
Gold:   242        SH: 11    Dex: 19    Spells: 8/8 levels left

rFire    + . .     SeeInvis .   A - +0 flail (protect)
rCold    . . .     Gourm    .   c - +0 shield
rNeg     . . .     Faith    .   j - +0 plate armour
rPois    .         Spirit   +   k - +1 helmet
rElec    .         Reflect  .   (no cloak)
rCorr    .         Harm     .   u - +2 pair of gloves
MR       .....                  (no boots)
Stlth    ..........             (no amulet)
HPRegen  0.20/turn              b - +2 ring of evasion
MPRegen  0.11/turn              t - +5 ring of evasion

@: agile, gold aura, protection aura
A: iridescent scales 1, fire resistance 1, magic shield
a: Potion Petition, Call Merchant, Bribe Branch, Renounce Religion


You were on level 8 of the Dungeon.
You worshipped Gozag.
Gozag was aware of your devotion.
You were hungry.

You visited 1 branch of the dungeon, and saw 8 of its levels.

You collected 574 gold pieces.
You paid 332 gold pieces to Gozag.

Inventory:

Hand Weapons
 A - a +0 flail of protection (weapon)
Armour
 c - a +0 shield (worn)
 j - a +0 plate armour (worn)
 k - a +1 helmet (worn)
 u - a +2 pair of gloves (worn)
Jewellery
 b - a +2 ring of evasion (left hand)
 g - an uncursed ring of ice
 t - a +5 ring of evasion (right hand)
Wands
 m - a wand of disintegration (8)
 r - a wand of iceblast (15)
 s - a wand of random effects (25)
Scrolls
 e - a scroll of remove curse
 q - a scroll of amnesia
 v - a scroll of magic mapping
 x - 3 scrolls of identify
 y - a scroll of random uselessness {unknown}
 z - a scroll of enchant armour {unknown}
 B - a scroll of blinking
Potions
 a - a potion of curing
 d - a potion of might
 h - a potion of flight
 i - a potion of haste
 l - a potion of mutation
 n - 2 potions of brilliance {unknown}
 o - 2 potions of lignification
 p - 2 potions of heal wounds
 w - 2 potions of ambrosia {unknown}
Comestibles
 f - 6 rations


   Skills:
 - Level 3.0 Fighting
 * Level 10.1 Maces & Flails
 - Level 2.6 Armour
 + Level 7.6 Shields


You had 8 spell levels left.
You didn't know any spells.
Your spell library contained the following spells:

 Spells                   Type           Power        Failure   Level  Hunger
 Apportation              Tloc           #.....       100%        1    ##.....
 Summon Small Mammal      Summ           #...         100%        1    ##.....
 Animate Skeleton         Necr           N/A          100%        1    ##.....
 Confusing Touch          Hex            #.....       100%        1    ##.....


Dungeon Overview and Level Annotations

Branches:
Dungeon (8/15)             Temple (0/1) D:6
   Lair: D:8-11

Altars:
Ashenzari
Gozag
Nemelex Xobeh
Okawaru
Qazlal
Ru
Sif Muna
Uskayaw
Wu Jian

Annotations:
D:8 Gastronok


Innate Abilities, Weirdness & Mutations

You are partially covered in iridescent scales. (AC +2)
Your flesh is heat resistant. (rF+)
When hurt, damage is shared between your health and your magic reserves.


Message History

The ogre is almost dead.
Gastronok bites you!
Press: ? - help, v - describe, . - travel, g - get item 5 gold pieces.
The floor.
Your plate armour prevents you from hitting the ogre.
The ogre is almost dead.
The ogre hits you with a giant club!
* * * LOW HITPOINT WARNING * * *
You sock the ogre!
You kill the ogre!
You block Gastronok's attack.
You sock Gastronok!
Gastronok is lightly wounded.
You hit Gastronok.
Gastronok is lightly wounded.
Gastronok waves his eye-stalks in wide circles.
The air twists around and strikes you!
You die...
Your body crumbles into a pile of gold.

..)... .##
#...... . #..
....... #.##.#
.......
....####.......
#......(..#
##.#......#
####..#$$$_..##
#.....@$.$....#
#.....w#......#
#......###.<..#
#...<...###..##
#..........#..#
#......###.##...
######## . ...
..


You could see Gastronok.

Vanquished Creatures
  Maurice (D:8)
  Psyche (D:8)
  A hungry ghost (D:7)
  An ice beast (D:5)
  2 sky beasts
  A black bear (D:7)
  2 ogres
  Blork the orc (D:6)
  2 bullfrogs
  4 scorpions
  3 crimson imps
  8 hounds
  5 orc priests
  A bullfrog skeleton (D:4)
  A centaur skeleton (D:8)
  5 orc wizards
  3 worker ants
  Natasha (thrice) (D:2)
  3 iguanas (D:4)
  A hound zombie (D:6)
  A hound skeleton (D:5)
  A worker ant zombie (D:5)
  11 adders
  10 gnolls
  A shadow imp (D:6)
  An adder skeleton (D:2)
  An adder zombie (D:6)
  3 worms (D:3)
  4 dart slugs
  7 leopard geckos
  25 orcs
  3 bats
  8 giant cockroaches
  4 goblins
  9 hobgoblins
  12 jackals
  A quokka (D:3)
  2 ball pythons
  9 frilled lizards
  11 kobolds
  A quokka zombie (D:5)
  7 rats
181 creatures vanquished.

Vanquished Creatures (others)
  An orc wizard (D:4)
1 creature vanquished.

Grand Total: 182 creatures vanquished

Notes
Turn   | Place    | Note
-------+----------+-------------------------------------------
     0 | D:1      | sking99 the Demonspawn Fighter began the quest for the Orb.
     0 | D:1      | Reached XP level 1. HP: 18/18 MP: 1/1
    20 | D:1      | Reached skill level 2 in Maces & Flails
    76 | D:1      | Gained mutation: When hurt, damage is shared between your health and your magic reserves. [demonic ancestry]
    76 | D:1      | Reached XP level 2. HP: 13/24 MP: 2/2
   628 | D:2      | Noticed Natasha
   632 | D:1      | Reached XP level 3. HP: 29/29 MP: 3/3
   653 | D:1      | Reached skill level 3 in Maces & Flails
   675 | D:2      | Killed Natasha
   681 | D:2      | Gained mutation: Your flesh is heat resistant. (rF+) [demonic ancestry]
   681 | D:2      | Reached XP level 4. HP: 7/35 MP: 1/4
  1120 | D:2      | Noticed Natasha
  1141 | D:2      | Killed Natasha
  1399 | D:2      | Noticed Natasha
  1420 | D:2      | Killed Natasha
  1420 | D:2      | Reached skill level 4 in Maces & Flails
  1638 | D:2      | Reached XP level 5. HP: 41/41 MP: 5/5
  2076 | D:3      | Found an opulent altar of Gozag.
  2110 | D:3      | Became a worshipper of Gozag Ym Sagoz the Greedy
  2350 | D:3      | Found a shattered altar of Ashenzari.
  2771 | D:3      | Reached XP level 6. HP: 41/47 MP: 4/6
  3165 | D:4      | Reached skill level 5 in Maces & Flails
  3877 | D:4      | Reached XP level 7. HP: 46/52 MP: 7/7
  3923 | D:4      | Reached skill level 6 in Maces & Flails
  4278 | D:4      | Reached skill level 5 in Shields
  4428 | D:4      | Found an ornate altar of the Wu Jian Council.
  4551 | D:4      | Found a sacrificial altar of Ru.
  4554 | D:4      | Found a sparkling altar of Nemelex Xobeh.
  4904 | D:5      | Entered Level 5 of the Dungeon
  5164 | D:5      | Reached skill level 7 in Maces & Flails
  5275 | D:5      | Found an iron altar of Okawaru.
  5354 | D:5      | Reached XP level 8. HP: 57/58 MP: 8/8
  6144 | D:6      | Found a hide-covered altar of Uskayaw.
  6145 | D:6      | Noticed a hand axe
  6145 | D:6      | Noticed a dagger
  6234 | D:6      | Noticed Blork the orc
  6256 | D:6      | Killed Blork the orc
  6256 | D:6      | Reached skill level 8 in Maces & Flails
  6500 | D:6      | Found a staircase to the Ecumenical Temple.
  7024 | D:7      | Found a deep blue altar of Sif Muna.
  7087 | D:7      | Reached skill level 9 in Maces & Flails
  7087 | D:7      | Gained mutation: You are partially covered in iridescent scales. (AC +2) [demonic ancestry]
  7087 | D:7      | Reached XP level 9. HP: 63/63 MP: 9/9
  7380 | D:8      | Found a stormy altar of Qazlal.
  7382 | D:8      | Noticed Psyche
  7398 | D:8      | Killed Psyche
  7400 | D:8      | Noticed Maurice
  7418 | D:8      | Killed Maurice
  7418 | D:8      | Reached skill level 10 in Maces & Flails
  7425 | D:8      | Noticed Gastronok
  7437 | D:8      | Killed from afar by Gastronok

Vault maps used:
D:1:      onia_arrival_handbag
D:2:      uniq_natasha
D:3:      grunt_gozag_breadcrumbs, nicolae_overflow_crystal_walls, first_ration
D:4:      minitemple
D:5:      okawaru_ov_weapons_minmay
D:6:      dancing_weapons_uskayaw, temple_hall, uniq_blork_the_orc
D:7:      lemuel_doored_altar
D:8:      lair_entry_dummy, basic_altar, hangedman_pestilent_swarm, uniq_psyche,
          uniq_gastronok, uniq_maurice

Skill      XL: |  1  2  3  4  5  6  7  8  9 |
---------------+----------------------------+-----
Maces & Flails | 2 3 4 5 7 9 10 | 10.1
Shields        | 3 4 5 6 7 |  7.6
Fighting       | |  3.0
Armour         | |  2.6

Action                   |  1- 3 |  4- 6 |  7- 9 || total
-------------------------+-------+-------+-------++-------
Melee: Flail             |    83 |   355 |   615 ||  1053
Invok: Potion Petition   |       |     1 |     1 ||     2
  Use: Potion            |     2 |       |       ||     2
       Scroll            |       |     7 |     5 ||    12
 Stab: Invisible         |       |       |     5 ||     5
  Eat: Chunk             |       |     5 |       ||     5
       Ration            |       |     2 |     4 ||     6
Armor: Scale mail        |    33 |       |       ||    33
       Plate armour      |    30 |   231 |   264 ||   525
       Skin              |     9 |       |       ||     9
Dodge: Dodged            |    27 |    19 |   157 ||   203
Block: Shield            |    56 |   160 |   263 ||   479

Table legend:
 A = Spawn XP
 B = Non-spawn XP
 C = Spawn XP percentage of total XP
 D = Spawn monster count
 E = Non-spawn monster count
 F = Spawn count percentage of total count
 G = Total turns spent on level
                    A         B        C        D         E        F      G
               +---------+---------+-------+---------+---------+-------+---------
         Total |       0 |    4272 |   0.0 |       0 |     182 |   0.0 |  7437
               +---------+---------+-------+---------+---------+-------+---------
           D:1 |       0 |      55 |   0.0 |       0 |      24 |   0.0 |   931
           D:2 |       0 |     171 |   0.0 |       0 |      28 |   0.0 |  1135
           D:3 |       0 |     173 |   0.0 |       0 |      37 |   0.0 |  1035
           D:4 |       0 |     766 |   0.0 |       0 |      30 |   0.0 |  1803
           D:5 |       0 |     631 |   0.0 |       0 |      26 |   0.0 |  1034
           D:6 |       0 |     556 |   0.0 |       0 |      14 |   0.0 |   824
           D:7 |       0 |     859 |   0.0 |       0 |      18 |   0.0 |   612
           D:8 |       0 |    1061 |   0.0 |       0 |       5 |   0.0 |    63
               +---------+---------+-------+---------+---------+-------+---------
